 Seeded DCSS version 0.31-a0-174-g85c54bcb58 (webtiles) character file.

Game seed: 6943881793479812628 (custom seed)

2314 innerfire43 the Nimble (level 9, -2/64 HPs)
             Began as a Demonspawn Monk on June 15, 2023.
             Was an Elder of Kikubaaqudgha.
             Slain by a sixfirhy (10 damage)
             ... on level 7 of the Dungeon.
             The game lasted 00:11:06 (6653 turns).

innerfire43 the Nimble (Demonspawn Monk)            Turns: 6653, Time: 00:11:08

Health: -2/64      AC:  9    Str: 16    XL:     9   Next: 18%
Magic:  9/9        EV: 15    Int: 11    God:    Kikubaaqudgha [****..]
Gold:   415        SH: 14    Dex: 16    Spells: 7/8 levels left

rFire   . . .        u - +2 rapier (protect)
rCold   . . .        I - +0 kite shield
rNeg    . . .        b - +0 robe
rPois   .            B - +0 helmet
rElec   .            (no cloak)
rCorr   .            (no gloves)
SInv    .            (boots unavailable)
Will    .....        z - amulet of reflection
Stlth   +            (no ring)
HPRegen 0.30/turn    (no ring)
MPRegen 0.22/turn

%: reflection
@: about to teleport, sanguine armoured
A: hooves 3, magic regeneration, sanguine armour 1
a: Renounce Religion, Unearth Wretches


You were on level 7 of the Dungeon.
You worshipped Kikubaaqudgha.
Kikubaaqudgha was greatly pleased with you.
You visited 1 branch of the dungeon, and saw 7 of its levels.
You also visited: Ossuary.

You collected 415 gold pieces.

Inventory:

Hand Weapons
 a - a +0 short sword
 e - a +1 short sword of venom
 u - a +2 rapier of protection (weapon)
Missiles
 f - a throwing net
 m - 5 silver javelins (quivered)
 r - 20 poisoned darts
Armour
 b - a +0 robe (worn)
 d - an orb of light
 i - a +0 scale mail
 B - a +0 helmet (worn)
 I - a +0 kite shield (worn)
Jewellery
 o - the amulet of Sakeniwk {RegenMP rF- rC+ Regen+ Int+6 Stlth+}
   (You took it off a gnoll on level 6 of the Dungeon)

   [amulet of magic regeneration]

   It increases your rate of magic regeneration.
   Int:       It affects your intelligence (+6).
   rF:        It makes you vulnerable to fire.
   rC:        It protects you from cold.
   Regen:     It increases your rate of health regeneration.
   Stlth:     It makes you more stealthy.
 z - an amulet of reflection (around neck)
Wands
 H - a wand of mindburst (18)
Scrolls
 j - a scroll of teleportation
 k - 2 scrolls of poison
 s - a scroll of silence {unknown}
 t - 2 scrolls of amnesia {unknown}
 v - a scroll of torment {unknown}
 w - 2 scrolls of vulnerability
 x - a scroll of enchant armour {unknown}
 y - a scroll of fear {unknown}
 C - a scroll of summoning {unknown}
 F - 2 scrolls of immolation
 J - a scroll of blinking
Potions
 c - 3 potions of ambrosia
 h - 2 potions of mutation {unknown}
 l - 2 potions of lignification
 n - a potion of cancellation
 p - 2 potions of brilliance
 q - a potion of attraction {unknown}
 A - a potion of enlightenment {unknown}
 D - a potion of degeneration {unknown}
 E - a potion of resistance {unknown}
 G - 2 potions of invisibility {unknown}


   Skills:
 - Level 3.2 Fighting
 - Level 5.8(6.4) Short Blades
 * Level 3.8(5.4) Long Blades
 * Level 8.8 Dodging
 + Level 3.2 Shields


You had 7 spell levels left.
You knew the following spells:

 Your Spells              Type           Power      Damage    Failure   Level
a - Necrotise             Necr           0%         1d4       71%         1

Your spell library contained the following spells:

 Spells                   Type           Power      Damage    Failure   Level
 Kiss of Death            Conj/Necr      0%         2d5       71%         1
 Shock                    Conj/Air       0%         1d3       71%         1
 Poisonous Vapours        Pois/Air       0%         N/A       83%         2
 Sublimation of Blood     Necr           0%         N/A       83%         2
 Dazzling Flash           Conj/Hex       0%         N/A       97%         3
 Gell's Gravitas          Tloc           0%         N/A       97%         3
 Mephitic Cloud           Conj/Pois/Air  0%         N/A       97%         3
 Swiftness                Air            0%         N/A       97%         3
 Teleport Other           Tloc           0%         N/A       97%         3
 Airstrike                Air            0%         2d(0-16)  100%        4
 Anguish                  Hex/Necr       0%         N/A       100%        4
 Animate Dead             Necr           0%         N/A       100%        4
 Cause Fear               Hex            0%         N/A       100%        4
 Petrify                  Tmut/Erth      0%         N/A       100%        4
 Agony                    Necr           0%         N/A       100%        5
 Borgnjor's Vile Clutch   Necr/Erth      0%         N/A       100%        5
 Freezing Cloud           Conj/Ice/Air   0%         6-21      100%        5
 Irradiate                Conj/Tmut      0%         3d11      100%        5
 Silence                  Hex/Air        0%         N/A       100%        5
 Dispersal                Tloc           0%         N/A       100%        6
 Simulacrum               Ice/Necr       0%         N/A       100%        6
 Dragon Form              Tmut           0%         N/A       100%        7
 Haunt                    Necr/Summ      0%         N/A       100%        7
 Infestation              Necr           0%         N/A       100%        8
 Dragon's Call            Summ           0%         N/A       100%        9


Dungeon Overview and Level Annotations

Branches:
Dungeon (7/15)             Temple (0/1) D:6         Ossuary (visited)

Altars:
Fedhas
Gozag
Kikubaaqudgha
Makhleb
Qazlal
Vehumet


Innate Abilities, Weirdness & Mutations

You have hooves in place of feet.
You regenerate magic rapidly.
When seriously injured, your blood forms armour. (AC +6)


Message History

You feel much better.
Your blood armour dries and flakes away.
You miss the sixfirhy. You block the sixfirhy's attack.
The sixfirhy closely misses you. The sixfirhy hits you!
The sixfirhy shocks you!
You miss the sixfirhy. The sixfirhy completely misses you.
The sixfirhy barely misses you. You block the sixfirhy's attack.
The sixfirhy hits you!
Your blood congeals into armour.
The sixfirhy shocks you!
You puncture the sixfirhy!
Your weapon exudes an aura of protection.
You kick the sixfirhy!
The sixfirhy is heavily wounded.
You block the sixfirhy's attack.
You barely miss the sixfirhy. Your kick misses the sixfirhy.
The sixfirhy is heavily wounded.
You hit the sixfirhy. Your kick misses the sixfirhy.
The sixfirhy is heavily wounded.
The sixfirhy hits you. The sixfirhy shocks you!
* * * LOW HITPOINT WARNING * * *
You block the sixfirhy's attack.
You feel much better. The sixfirhy hits you. The sixfirhy shocks you!
The sixfirhy hits you!
* * * LOW HITPOINT WARNING * * *
The sixfirhy shocks you!
* * * LOW HITPOINT WARNING * * *
The sixfirhy misses you.
The sixfirhy hits you but does no damage.
You feel much better.
The sixfirhy hits you but does no damage.
The sixfirhy barely misses you.
As you read the scroll of teleportation, it crumbles to dust.
You feel strangely unstable. The sixfirhy hits you. The sixfirhy shocks you!
* * * LOW HITPOINT WARNING * * *
The sixfirhy hits you!
* * * LOW HITPOINT WARNING * * *
The sixfirhy shocks you!
You die...
Kikubaaqudgha rasps: "You have failed me!
Welcome... death!"

########..#
#..# #..#
########## #..#
#........#
##..###
#.######.#
#.....# #.# #.#
#.###.## #.#
#.#####
#.#_'..###.###
#......
#.###3@......#
#######
#.....######.##
#######
#.[.#########
#...)).......
#...#########
#####


You could see a sixfirhy.

Vanquished Creatures
  Edmund (D:5)
  A water moccasin (D:7)
  An ice beast (D:7)
  A sky beast (D:6)
  2 black bears
  3 ogres
  2 phantoms
  An elf zombie (Ossuary)
  2 bullfrogs
  A scorpion (D:6)
  3 wights (D:6)
  3 howler monkeys
  5 hounds
  A gnoll bouda (D:6)
  3 orc priests
  7 orc wizards
  A sleepcap (D:7)
  2 iguanas
  3 mummies (Ossuary)
  3 gnolls (D:6)
  9 adders
  A shadow imp (D:7)
  A white imp (D:6)
  2 dart slugs
  31 orcs
  9 ball pythons
  6 bats
  3 endoplasms
  3 giant cockroaches
  2 gnoll zombies (Ossuary)
  3 goblins
  5 hobgoblins
  4 jackals
  2 frilled lizards
  A goblin zombie (Ossuary)
  11 kobolds
  4 kobold zombies (Ossuary)
  An orc zombie (Ossuary)
  3 quokka zombies (Ossuary)
  A rat (D:3)
  6 rat zombies (Ossuary)
154 creatures vanquished.

Notes
Turn   | Place    | Note
-------+----------+-------------------------------------------
     0 | D:1      | innerfire43 the Demonspawn Monk began the quest for the
                  | Orb.
     0 | D:1      | Reached XP level 1. HP: 18/18 MP: 1/1
   245 | D:1      | Gained mutation: You have large cloven feet. [demonic
                  | ancestry]
   245 | D:1      | Reached XP level 2. HP: 22/24 MP: 2/2
   251 | D:1      | Reached skill level 3 in Dodging
   857 | D:2      | Gained mutation: When seriously injured, your blood forms
                  | armour. (AC +6) [demonic ancestry]
   857 | D:2      | Reached XP level 3. HP: 27/29 MP: 3/3
  1676 | D:3      | Gained mutation: You regenerate magic rapidly. [demonic
                  | ancestry]
  1676 | D:3      | Reached XP level 4. HP: 23/35 MP: 4/4
  2172 | D:3      | Found a faded altar of an unknown god.
  2215 | D:3      | Prayed at the altar of an unknown god.
  2215 | D:3      | Became a worshipper of Kikubaaqudgha
  2215 | D:3      | Reached * piety under Kikubaaqudgha
  2215 | D:3      | Received a gift from Kikubaaqudgha
  2215 | D:3      | Reached ** piety under Kikubaaqudgha
  2218 | D:3      | Learned a level 1 spell: Necrotise
  2795 | D:4      | Reached XP level 5. HP: 29/41 MP: 5/5
  2950 | D:4      | Reached *** piety under Kikubaaqudgha
  2950 | D:4      | Received a gift from Kikubaaqudgha
  2951 | D:4      | Reached skill level 4 in Dodging
  3141 | D:4      | Found a radiant altar of Vehumet.
  3191 | D:4      | Identified the +0 robe of the Equator {Harm Archmagi}
  3259 | D:4      | Noticed a phantom
  3275 | D:4      | Killed a phantom
  3276 | D:4      | Reached skill level 5 in Short Blades
  3276 | D:4      | Reached XP level 6. HP: 30/47 MP: 6/6
  3628 | D:4      | Found an opulent altar of Gozag.
  3722 | D:5      | Entered Level 5 of the Dungeon
  3722 | D:5      | Noticed Edmund
  3749 | D:5      | Killed Edmund
  3956 | D:5      | Reached skill level 5 in Dodging
  3956 | D:5      | Reached XP level 7. HP: 48/52 MP: 7/7
  3985 | D:5      | Reached skill level 1 in Long Blades
  4099 | D:5      | Identified the +5 scale mail of the Earth {rElec rPois rN++
                  | Str-5}
  4395 | D:5      | Found a stormy altar of Qazlal.
  4525 | D:6      | Found a sand-covered staircase.
  4554 | D:6      | Reached skill level 6 in Dodging
  4561 | D:6      | Reached **** piety under Kikubaaqudgha
  4571 | Ossuary  | Entered an ossuary
  4585 | Ossuary  | Reached skill level 1 in Shields
  4767 | Ossuary  | Gained mutation: You have hoof-like feet. [demonic
                  | ancestry]
  4767 | Ossuary  | Reached XP level 8. HP: 55/58 MP: 8/8
  4943 | D:6      | Identified the amulet of Sakeniwk {RegenMP rF- rC+ Regen+
                  | Int+6 Stlth+}
  5110 | D:6      | Reached skill level 7 in Dodging
  5570 | D:6      | Found a staircase to the Ecumenical Temple.
  5623 | D:6      | Reached skill level 8 in Dodging
  6121 | D:7      | Gained mutation: You have hooves in place of feet. [demonic
                  | ancestry]
  6121 | D:7      | Reached XP level 9. HP: 64/64 MP: 9/9
  6368 | D:7      | Found a runed translucent door.
  6369 | D:7      | Found a burning altar of Makhleb.
  6369 | D:7      | Noticed a sixfirhy
  6528 | D:7      | Found a blossoming altar of Fedhas.
  6653 | D:7      | Slain by a sixfirhy

Illustrated notes

Levels and vault maps discovered:
D:1:      ebering_trefoil_3fold, layout_basic
D:2:      layout_basic, serial_rivers, chequers_serial_rivers_large_a,
          chequers_serial_rivers_marsh, chequers_serial_rivers_micro_e,
          chequers_serial_rivers_micro_e, chequers_serial_rivers_room_a
D:3:      layout_basic, tso_metal_star, nicolae_ecumenical_snake_handling,
          interstate_on_off, corexii_item_surrounded_by_moat
D:4:      layout_loops_ring, nicolae_vehumet_altar_sigil,
          mainiacjoe_overflow_alcove_1, nicolae_overflow_hidden_temple,
          minivault_24, grunt_ministairs_2, lightli_corner_chamber
D:5:      layout_cave_pools, kennysheep_mini_moat, uniq_edmund
D:6:      layout_loops_corners, minmay_temple_entry_gardened_gates,
          nicolae_ossuary_entry_plus
D:7:      layout_loops_ring, nzn_makhleb_speed_demon, fedhas_altar_4

Skill      XL: |  1  2  3  4  5  6  7  8  9 |
---------------+----------------------------+-----
Dodging        | 3 4 5 6 8 |  8.8
Short Blades   | 3 4 5 |  5.8
Long Blades    | 2 3 |  3.8
Shields        | 1 2 3 |  3.2
Fighting       | |  3.2

Action                     |  1- 3 |  4- 6 |  7- 9 || total
---------------------------+-------+-------+-------++-------
  Melee: Short sword       |    84 |   119 |       ||   203
         Kick              |    21 |    53 |   110 ||   184
         Rapier            |       |    21 |   311 ||   332
    Use: Scroll            |       |     5 |     7 ||    12
         Potion            |       |       |     5 ||     5
 Armour: Robe              |    10 |    17 |    63 ||    90
  Dodge: Dodged            |    61 |    71 |   151 ||   283
  Block: Orb               |       |     3 |    42 ||    45
         Reflection        |       |       |     3 ||     3
         Kite shield       |       |       |    48 ||    48

Table legend: (Time is in decaauts)
 A = Elapsed time spent in this place.
 B = Non-inter-level travel time spent in this place.
 C = Inter-level travel time spent in this place.
 D = Time resting spent in this place.
 E = Time spent auto-exploring this place.
 F = Levels seen in this place.
 G = Mean time per level.
                   A        B        C        D        E       F      G
               +--------+--------+--------+--------+--------+-----+--------+
         Total |   6604 |   6304 |    300 |      0 |   5264 |   8 |  825.5 |
       Dungeon |   6290 |   5990 |    300 |      0 |   5089 |   7 |  898.6 |
       Ossuary |    313 |    313 |      0 |      0 |    175 |   1 |  313.0 |
               +--------+--------+--------+--------+--------+-----+--------+

Top non-repeatable levels by time:
     D:3: 1169 daAuts
     D:6: 1002 daAuts
     D:4: 948 daAuts
     D:7: 905 daAuts
     D:2: 858 daAuts
     D:1: 721 daAuts
     D:5: 685 daAuts
 Ossuary: 313 daAuts
